cohdb
Replays
Latest Replays
All Replays
Popular Replays
Top Player Replays
Match Explorer
How It Works
Community
CoH3 Stats
Reddit
Sign in to upload your games and track your stats! →
Sign in with Steam
Match 41703306
Unlisted
Match 41703306
Overview
Messages
Build Orders
End
Royal Engineer Section
Construct Section Command Post
Dingo Light Scout Car
Vickers Machine Gun Team
Infantry Section
Infantry Section
Construct Platoon Command Post
Infantry Training
6-pounder Anti-tank Gun Team
CMP 15cwt Truck
Selects Canadian Shock Battlegroup
Selects Attacking Spirit
Selects Canadian Shock Section
ML 3-inch Mortar Team
Selects Smoke Operation
Canadian Shock Section
Selects Incendiary Munitions
6-pounder Anti-tank Gun Team
Team Weapon Training
Construct Company Command Post
Crusader II Medium Tank
Selects Pyrotechnics
Smoke Operation
Matilda II Heavy Tank
Smoke Operation
Selects Demolition Engineering
Canadian Shock Section
Smoke Operation
Foot Guards Section
Matilda II Heavy Tank
Canadian Shock Section
Unlock Towed 17-pounder Anti-tank Guns
Smoke Operation
17-pounder Anti-tank Gun Team
Foot Guards Section
Smoke Operation
Foot Guards Section
Random_Target
Luce
Turtleboy
GoonLord
Ol'Smokey
Fratley
skyhawkfranky
StoryCoffee
0
0
Comments
sign in to comment!
No comments posted yet!